AoeStats
← Jan Itor

MegaRandom

509202625Analyzed
4v4 RM · 7d ago on Sep 25, 2026· 23m 35s· 8 players
Game mode
Random Map
Map size
Large (8 player)
Population
200
Speed
Normal
Resources
Standard
Victory
Conquest
Starting age
Dark Age
Ending age
Imperial Age
RankedLock teamsTeams togetherTeam positionsShared explorationLock speedFull tech treeHidden civsTurbo modeCheats
Victory
Defeat
🇩🇪 Italians · Germany
1815
+11
🇲🇽 Huns · Mexico
1811
+11
🇵🇱 Wu · Poland
1805
+11
🇦🇷 Malians · Argentina
1702
+16
🇫🇷 Vietnamese · France
1774
-15
🇫🇷 Bohemians · France
1745
-14
🇲🇦 Saracens · Morocco
1699
-12
🇫🇷 Franks · France
1582
-8
Ux'LobodeLaNieve
5:39 Loom
8:15 Feudal Age
13:10 Fletching
21:36 Castle Age
19:37 Double-Bit Axe
19:50 Horse Collar
20:24 Gold Mining
21:39 Crossbowman
22:15 Bodkin Arrow
22:24 Bodkin Arrow
Dziamdziak
6:11 Loom
8:59 Feudal Age
9:33 Double-Bit Axe
9:52 Horse Collar
17:54 Scale Barding Armor
18:28 Forging
18:55 Bloodlines
20:41 Wheelbarrow
niap_cinorhc
7:27 Loom
9:45 Feudal Age
9:49 Man-at-Arms
10:57 Double-Bit Axe
13:46 Fletching
19:02 Town Watch
Jan Itor
8:08 Feudal Age
9:04 Double-Bit Axe
9:12 Horse Collar
12:52 Loom
13:44 Scale Barding Armor
14:36 Forging
17:06 Wheelbarrow
20:38 Castle Age
19:35 Bloodlines
20:42 Light Cavalry
21:57 Chain Barding Armor
23:47 Bow Saw
Kiddo
6:03 Loom
8:30 Feudal Age
12:16 Fletching
24:58 Castle Age
Nux
7:22 Loom
9:22 Feudal Age
9:38 Man-at-Arms
10:49 Double-Bit Axe
16:52 Fletching
19:46 Gold Mining
20:54 Padded Archer Armor
23:24 Town Watch
-2n+2q
8:25 Feudal Age
9:01 Double-Bit Axe
8:58 Horse Collar
10:46 Loom
14:47 Wheelbarrow
16:06 Scale Barding Armor
17:51 Forging
20:20 Bloodlines
Skrillll
6:35 Loom
8:40 Feudal Age
9:42 Double-Bit Axe
10:09 Horse Collar
19:36 Bloodlines
22:41 Castle Age
21:16 Scale Barding Armor
21:11 Gold Mining
23:46 Chain Barding Armor
Connection lost

Rejoining the realm…

Still unreachable

The connection could not be restored.

Session expired

The server has moved on; the page needs a fresh start.